 Dungeon Crawl Stone Soup version 0.31-a0-716-gc7603755dd (webtiles) character file.

Game seed: 13546645828433045789

2 bjtr the Chopper (level 1, 0/22 HPs)
             Began as an Ogre Reaver on Sept 11, 2023.
             Slain by a kobold
             ... wielding a +2 dagger of electrocution
              (15 damage)
             ... on level 1 of the Dungeon.
             The game lasted 00:01:05 (28 turns).

bjtr the Chopper (Ogre Reaver)                        Turns: 28, Time: 00:01:06

Health: 0/22       AC:  3    Str: 15    XL:     1   Next: 40%
Magic:  3/3        EV:  9    Int: 14    God:
Gold:   0          SH:  0    Dex:  7    Spells: 3/4 levels left

rFire   . . .        a - +0 hand axe
rCold   . . .        (no shield)
rNeg    . . .        b - +0 robe
rPois   .            (helmet restricted)
rElec   .            (no cloak)
rCorr   .            (gloves unavailable)
SInv    .            (boots unavailable)
Will    .....        (no amulet)
Stlth   +            (no ring)
HPRegen 0.23/turn    (no ring)
MPRegen 0.08/turn

%: no passive effects
@: no status effects
A: large, unfitting armour, tough skin 1
a: no special abilities


You were on level 1 of the Dungeon.
You visited 1 branch of the dungeon, and saw 1 of its levels.

Inventory:

Hand Weapons
 a - a +0 hand axe (weapon)
Armour
 b - a +0 robe (worn)
Scrolls
 c - a scroll of identify {unknown}


   Skills:
 + Level 2.7 Fighting
 - Level 3.0 Axes
 + Level 1.8 Dodging
 + Level 2.4 Spellcasting
 + Level 2.8 Conjurations


You had 3 spell levels left.
You knew the following spells:

 Your Spells              Type           Power      Damage    Failure   Level
a - Kiss of Death         Conj/Necr      20%        2d7       13%         1

Your spell library contained the following spells:

 Spells                   Type           Power      Damage    Failure   Level
 Momentum Strike          Conj/Tloc      10%        3d8       19%         2
 Hailstorm                Conj/Ice       5%         3d4       36%         3


Dungeon Overview and Level Annotations

Branches:
Dungeon (1/15)

Altars:

Shops:
D:1 ?(


Innate Abilities, Weirdness & Mutations

You are too large for most types of armour.
You have tough skin. (AC +1)


Message History

The floor, spattered with blood.
c - a scroll labelled FIDURGH MOFITSY You open the door.
There is an open door here.
A bat comes into view.
Found Ampa Mimm's Weapon Shop.
The bat moves out of view.
Found Ciunat's Magic Scroll Shop.
The bat hits you but does no damage.
You hit the bat.
You kill the bat!
A kobold comes into view. It is wielding a +0 whip.
The kobold shouts!
You see here a bat corpse.
Found 5 stones.
Found a stone staircase leading down.
The shop is a mimic!
The shop mimic giggles and vanishes in a puff of smoke!
Found a square brass amulet.
Found Totzoudy's Weapon Boutique.
The kobold hits you but does no damage.
You hit the kobold.
The kobold is severely wounded.
The kobold hits you with a +0 whip.
You barely miss the kobold.
The kobold is severely wounded.
The kobold barely misses you.
You closely miss the kobold.
The kobold is severely wounded.
The kobold closely misses you.
A kobold comes into view.
It is wielding a +2 dagger of electrocution.
The kobold shouts!
You hit the kobold but do no damage.
The kobold is severely wounded.
The kobold hits you with a +0 whip.
You barely miss the kobold.
The kobold is severely wounded.
The kobold hits you but does no damage.
You hit the kobold.
You kill the kobold!
The kobold hits you with a +2 dagger of electrocution.
You are electrocuted!
Ouch! That really hurt!
You die...

... .... "...
..... .....#######
....∩....# (.
#.K....##...
#.)@....>.∩
#......#..#
###..### ##..##
##.†# ##.# #.##
####..####
#........#########


You could see a kobold.

Vanquished Creatures
  A bat (D:1)
  A kobold (D:1)
2 creatures vanquished.

Notes
Turn   | Place    | Note
-------+----------+-------------------------------------------
     0 | D:1      | bjtr the Ogre Reaver began the quest for the Orb.
     0 | D:1      | Reached XP level 1. HP: 22/22 MP: 3/3
    14 | D:1      | Found Ampa Mimm's Weapon Shop.
    16 | D:1      | Found Ciunat's Magic Scroll Shop.
    21 | D:1      | Found Totzoudy's Weapon Boutique.
    28 | D:1      | Slain by a kobold

Illustrated notes

Levels and vault maps discovered:
D:1:      nicolae_arrival_memento_mori, layout_rooms, serial_shops, shop, shop,
          nicolae_shop_rolling_square, shop, shop, dk_noncrumbling_3,
          minmay_domino_4

Action                     || total
---------------------------++-------
  Melee: Hand axe          ||     7
 Armour: Robe              ||     6
  Dodge: Dodged            ||     2

Table legend: (Time is in decaauts)
 A = Elapsed time spent in this place.
 B = Non-inter-level travel time spent in this place.
 C = Inter-level travel time spent in this place.
 D = Time resting spent in this place.
 E = Time spent auto-exploring this place.
 F = Levels seen in this place.
 G = Mean time per level.
                   A        B        C        D        E       F      G
               +--------+--------+--------+--------+--------+-----+--------+
         Total |     28 |     28 |      0 |      0 |      4 |   1 |   28.0 |
       Dungeon |     28 |     28 |      0 |      0 |      4 |   1 |   28.0 |
               +--------+--------+--------+--------+--------+-----+--------+

Top non-repeatable levels by time:
     D:1: 28 daAuts
